Map: Dusk Towers

Players

State

  • Race: Protoss Protoss
  • League: Grandmaster

BIGBOY - Winner!

  • Race: Terran Terran
  • League: Grandmaster

VOD

Have the link to the VOD?

Description

Time

  • Played on: Dec. 28, 2015, 12:24 a.m.
  • Length: 9:35
Show
View Real Time Build Order
Export as new Build Order

State Protoss 

Build Orders: 1 Gate Expand, Phoenix Opening 

Get SALT Encoding   

  12  0:02  Probe (Chrono Boost)  
  13  0:12  Probe (Chrono Boost)  
  14  0:17  Pylon  
  14  0:23  Probe (Chrono Boost)  
  16  0:35  Probe (Chrono Boost)  
  16  0:39  Gateway  
  16  0:42  Assimilator  
  16  0:46  Probe (Chrono Boost)  
  17  0:56  Probe (Chrono Boost)  
  18  1:07  Probe (Chrono Boost)  
  19  1:19  Nexus  
  19  1:22  Probe (Chrono Boost)  
  21  1:33  Probe (Chrono Boost)  
  21  1:34  Cybernetics Core  
  21  1:41  Assimilator  
  21  1:43  Probe (Chrono Boost)  
  22  1:50  Pylon  
  23  1:54  Probe (Chrono Boost)  
  24  2:11  Adept  
  24  2:13  Mothership Core (Chrono Boost)  
  27  2:15  Warp Gate  
  27  2:31  Probe x2 (Chrono Boost)  
  29  2:41  Probe (Chrono Boost)  
  29  2:42  Probe (Chrono Boost)  
  29  2:43  Stargate  
  31  2:45  Adept  
  33  2:52  Probe x2 (Chrono Boost)  
  35  3:02  Probe (Chrono Boost)  
  35  3:03  Probe (Chrono Boost)  
  37  3:07  Robotics Facility  
  37  3:13  Probe x2 (Chrono Boost)  
  39  3:23  Probe x2 (Chrono Boost)  
  39  3:25  Pylon  
  41  3:28  Phoenix (Chrono Boost)  
  41  3:33  Probe, Pylon  
  43  3:34  Probe  
  45  3:43  Probe  
  45  3:46  Probe  
  47  3:49  Phoenix (Chrono Boost)  
  47  3:54  Probe  
  50  3:56  Observer (Chrono Boost)  
  50  3:58  Probe  
  50  3:59  Assimilator  
  50  4:00  Pylon  
  52  4:03  Assimilator  
  52  4:06  Probe  
  53  4:10  Pylon, Phoenix  
  53  4:11  Probe  
  56  4:18  Probe  
  56  4:20  Gateway  
  56  4:23  Probe  
  58  4:30  Probe  
  59  4:31  Warp Prism (Chrono Boost)  
  59  4:33  Twilight Council  
  59  4:35  Probe  
  62  4:40  Phoenix  
  65  4:51  Nexus  
  64  4:54  Probe  
  64  4:55  Probe  
  66  5:02  Phoenix  
  66  5:06  Probe  
  69  5:08  Probe  
  59  5:18  Probe  
  59  5:20  Probe  
  61  5:23  Phoenix  
  63  5:31  Probe, Resonating Glaives  
  63  5:32  Probe  
  65  5:43  Probe  
  65  5:44  Probe  
  67  5:55  Probe  
  67  5:56  Probe  
  65  6:02  Gateway x2, Phoenix  
  65  6:04  Gateway  
  65  6:06  Gateway  
  65  6:07  Probe  
  65  6:08  Probe  
  65  6:10  Probe  
  70  6:19  Probe  
  70  6:20  Probe x2  
  70  6:24  Phoenix  
  71  6:28  Observer (Chrono Boost)  
  71  6:30  Assimilator  
  71  6:31  Probe x2, Assimilator  
  71  6:32  Probe  
  77  6:36  Forge  
  77  6:37  Forge  
  77  6:41  Probe  
  77  6:42  Adept x2  
  77  6:43  Probe  
  77  6:44  Probe  
  84  6:52  Probe  
  85  6:55  Probe  
  85  6:56  Probe  
  85  6:58  Pylon  
  87  7:05  Immortal (Chrono Boost)  
  87  7:07  Probe  
  92  7:11  Pylon  
  92  7:12  Pylon, Phoenix  
  92  7:14  Pylon  
  92  7:16  Adept x4  
  101  7:24  Probe  
  101  7:26  Probe  
  101  7:27  Probe  
  94  7:35  Probe  
  94  7:36  Charge  
  89  7:37  Zealot x5  
  99  7:44  Mothership Core  
  99  7:45  Protoss Ground Weapons Level 1 (Chrono Boost), Protoss Ground Armor Level 1 (Chrono Boost)  
  99  7:47  Sentry  
  103  8:01  Immortal (Chrono Boost)  
  103  8:03  Zealot x4  
  111  8:06  Templar Archives  
  115  8:15  Pylon x2  
  115  8:17  Zealot  
  115  8:18  Pylon  
  115  8:19  Pylon  
  115  8:36  Zealot x5  
  121  8:49  Immortal  
  121  8:53  Zealot  
  111  9:02  Zealot x5  
  113  9:06  Gateway  
  113  9:09  Gateway x2  
  115  9:10  Gateway  
  99  9:17  Zealot  
  99  9:23  Zealot x5  
Show
View Real Time Build Order
Export as new Build Order

BIGBOY Terran - Winner!

Build Orders: Command Center First (CC), MMM Bio 

Get SALT Encoding   

  12  0:00  SCV  
  13  0:12  SCV  
  14  0:17  Supply Depot  
  14  0:25  SCV  
  15  0:39  SCV  
  16  0:51  SCV  
  17  1:00  Command Center  
  17  1:03  SCV  
  18  1:12  Barracks  
  18  1:15  SCV  
  19  1:20  Refinery  
  19  1:27  SCV  
  19  1:30  Refinery  
  21  1:40  SCV  
  21  1:52  SCV  
  22  2:01  Barracks Reactor  
  22  2:04  Orbital Command  
  22  2:11  Orbital Command  
  22  2:19  Factory  
  22  2:31  Bunker  
  22  2:34  Supply Depot  
  22  2:35  SCV  
  23  2:37  Marine  
  23  2:40  Marine  
  25  2:47  SCV x2  
  27  2:55  Marine  
  27  2:58  Marine  
  29  2:59  SCV  
  31  3:05  SCV  
  31  3:11  SCV  
  31  3:12  Starport  
  32  3:17  SCV  
  32  3:22  Widow Mine x2  
  32  3:23  SCV  
  32  3:25  Barracks Tech Lab  
  37  3:29  SCV  
  38  3:34  Supply Depot  
  38  3:35  SCV  
  39  3:42  SCV  
  39  3:44  Marine  
  39  3:45  Stimpack  
  39  3:46  Supply Depot  
  39  3:47  SCV  
  42  3:50  Widow Mine  
  42  3:51  Medivac  
  46  3:55  Widow Mine  
  46  3:56  SCV  
  46  3:59  SCV  
  46  4:02  Marine  
  51  4:08  SCV  
  52  4:11  SCV, Liberator  
  52  4:15  Command Center  
  53  4:19  Marine  
  53  4:20  SCV, Widow Mine  
  53  4:23  SCV  
  61  4:34  SCV, Supply Depot  
  62  4:42  Supply Depot  
  62  4:47  Engineering Bay  
  62  4:49  Engineering Bay  
  62  4:55  Marine  
  62  4:56  SCV  
  62  4:57  Barracks  
  62  4:58  SCV  
  62  4:59  Factory Reactor  
  65  5:00  Barracks  
  62  5:08  SCV  
  62  5:13  Marine  
  64  5:14  SCV  
  64  5:20  SCV  
  64  5:21  Terran Infantry Weapons Level 1, Terran Infantry Armor Level 1, Refinery  
  65  5:22  Refinery  
  63  5:29  Orbital Command  
  63  5:31  Marine  
  63  5:33  Starport Reactor  
  63  5:35  Barracks  
  62  5:36  Barracks  
  62  5:42  SCV x2  
  64  5:45  Missile Turret  
  64  5:46  Widow Mine  
  64  5:47  Missile Turret  
  64  5:49  Marine x2  
  65  5:50  Barracks Reactor  
  65  5:52  Marine  
  64  6:02  Combat Shields  
  64  6:05  SCV  
  64  6:06  SCV x2, Marine  
  64  6:07  Marine  
  64  6:10  Marine  
  70  6:15  Medivac x2  
  70  6:24  Barracks Reactor, Barracks Tech Lab, Marine  
  70  6:25  Marine  
  71  6:26  Widow Mine  
  71  6:27  Marine x2  
  71  6:28  Marine  
  76  6:33  Orbital Command  
  76  6:36  SCV x2  
  78  6:43  Marine, Marauder  
  78  6:45  Marine  
  78  6:46  Medivac x2  
  86  6:49  Marine  
  86  6:50  Marine  
  86  6:54  Marine  
  89  6:56  SCV x2  
  89  7:00  SCV  
  89  7:01  Supply Depot, Marine  
  93  7:02  Armory  
  93  7:04  Supply Depot  
  93  7:15  Supply Depot x2  
  93  7:17  Supply Depot  
  93  7:19  Marine  
  93  7:21  SCV  
  93  7:22  SCV, Widow Mine x2  
  93  7:23  SCV, Marauder, Marine  
  93  7:25  Marine  
  93  7:26  Marauder  
  93  7:28  Medivac  
  100  7:33  SCV  
  100  7:34  SCV  
  100  7:35  SCV  
  100  7:36  Marine x3  
  106  7:37  Marine  
  106  7:41  Marine  
  108  7:45  SCV  
  108  7:47  Marine x3  
  112  7:51  Widow Mine x2  
  112  7:53  SCV x2  
  112  7:54  Marine  
  119  8:00  Marine  
  119  8:01  Marine  
  119  8:03  Medivac  
  122  8:06  Marine x3  
  122  8:07  Marine  
  122  8:12  SCV x2  
  128  8:13  SCV  
  128  8:16  Supply Depot, Marine  
  130  8:22  Widow Mine  
  130  8:23  Supply Depot  
  130  8:24  Supply Depot, Marine  
  130  8:26  Marine x2  
  133  8:29  SCV x2  
  133  8:30  SCV  
  133  8:33  Marauder  
  133  8:44  Marine x2, Widow Mine  
  133  8:46  Marine x2  
  133  8:47  Marine, Marauder  
  133  8:48  Marine  
  141  8:51  Widow Mine  
  141  8:53  Marine  
  139  9:00  Medivac  
  139  9:01  Medivac  
  139  9:02  Marine x2  
  142  9:04  Marine x2  
  142  9:05  Marine x2  
  142  9:08  Marauder  
  142  9:09  Ghost Academy, Refinery  
Tags
 
Add a new tag
Caveats
  • Supply blocks, unpowered buildings, or Contaminate may cause inaccurate times.
  • Supply counts are checked every 10 seconds.